 Dungeon Crawl Stone Soup version 0.29-a0-284-gf9362112df (webtiles) character file.

Game seed: 5636912485246734423

4483 sammy202020 the Fighter (level 10, -3/85 HPs)
             Began as a Palentonga Berserker on Mar 31, 2022.
             Was an Elder of Trog.
             Succumbed to a hornet's poison
             ... on level 8 of the Dungeon.
             The game lasted 00:13:21 (7461 turns).

sammy202020 the Fighter (Palentonga Berserker)      Turns: 7461, Time: 00:13:22

Health: -3/85      AC: 18    Str: 20    XL:     10   Next: 16%
Magic:  2/10       EV:  7    Int: 11    God:    Trog [****..]
Gold:   161        SH:  0    Dex: 11    Spells: 9/9 levels left

rFire   . . .      SeeInvis +   u - +2 broad axe (freeze)
rCold   . . .      Faith    .   (no shield)
rNeg    . . .      Spirit   +   r - +3 chain mail
rPois   .          Reflect  .   e - +0 helmet
rElec   .          Harm     .   c - +0 cloak
rCorr   .          Rampage  .   (no gloves)
Will    ++...                   (no barding)
Stlth   ..........              x - amulet of guardian spirit
HPRegen 1.24/turn               v - +4 ring of protection
MPRegen 0.12/turn               (no ring)

@: lethally poisoned (-3 -> -34), strong-willed, regenerating, slowed, very slow
A: large, rugged brown scales 3, see invisible, deformed body, roll 1, armoured
tail, reflexive curl
a: Rolling Charge, Renounce Religion, Berserk, Trog's Hand, Brothers in Arms


You were on level 8 of the Dungeon.
You worshipped Trog.
Trog was greatly pleased with you.
You visited 1 branch of the dungeon, and saw 8 of its levels.

You collected 336 gold pieces.
You spent 175 gold pieces at shops.

Inventory:

Hand Weapons
 j - the +4 dire flail of the Pyrrhic Victory {vorpal, Will++ Str-2}
   (You took it off a two-headed ogre on level 6 of the Dungeon)

   It inflicts extra damage upon your enemies.
   Str:       It affects your strength (-2).
   Will:      It greatly increases your willpower.
 t - a +0 shortbow
 u - a +2 broad axe of freezing (weapon)
Armour
 c - a +0 cloak (worn)
 e - a +0 helmet (worn)
 f - a +2 robe of positive energy
 r - a +3 chain mail (worn)
Jewellery
 v - a +4 ring of protection (left hand)
 x - an amulet of guardian spirit (around neck)
Wands
 b - a wand of paralysis (4)
 m - a wand of flame (43)
 n - a wand of charming (1)
Scrolls
 d - 3 scrolls of blinking
 l - 4 scrolls of teleportation
 o - a scroll of identify
 s - 3 scrolls of vulnerability
 w - a scroll of silence
Potions
 g - a potion of brilliance
 h - a potion of cancellation {unknown}
 i - 3 potions of might
 k - 8 potions of curing
 p - 2 potions of heal wounds
 q - 2 potions of flight
 z - a potion of invisibility {unknown}
Miscellaneous
 a - a box of beasts


   Skills:
 * Level 8.1 Fighting
 * Level 8.1 Axes
 * Level 6.5 Armour
 + Level 4.5 Dodging
 + Level 4.2 Evocations


You had 9 spell levels left.
You didn't know any spells.
Your spell library was empty.

Dungeon Overview and Level Annotations

Branches:
Dungeon (8/15)             Temple (0/1) D:5
   Lair: D:8-11

Altars:
Dithmenos
Zin
Beogh

Shops:
D:3 :   D:5 (   D:7 :


Innate Abilities, Weirdness & Mutations

You are completely covered in rugged brown scales. (AC +3, +7% HP)
You have supernaturally acute eyesight. (SInv)
Armour fits poorly on your strangely shaped body.
You can roll at nearby foes to attack.
You have a long armoured tail.
You curl defensively after being hit. (AC +7*)


Message History

The hornet is heavily wounded.
The hornet stings you!
You are poisoned.
You shrug off the repeated paralysis!
The hornet stings you but does no damage.
You barely miss the hornet.
The hornet is heavily wounded.
You feel very sick. The hornet barely misses you. The hornet stings you.
You are more poisoned.
You feel as though you will be slow longer.
The hornet stings you.
You feel as though you will be slow longer.
You closely miss the hornet.
The hornet is heavily wounded.
You feel extremely sick.
The hornet stings you but does no damage.
The hornet stings you!
You are more poisoned.
You feel as though you will be slow longer.
The hornet stings you.
You are more poisoned.
You suddenly lose the ability to move!
You feel very sick. The hornet stings you.
* * * LOW HITPOINT WARNING * * *
You are lethally poisoned!
You feel as though you will be slow longer.
* * * LOW HITPOINT WARNING * * *
You feel extremely sick. The hornet stings you.
* * * LOW HITPOINT WARNING * * *
You shrug off the repeated paralysis!
The hornet stings you!
* * * LOW HITPOINT WARNING * * *
You are more poisoned.
You feel as though you will be slow longer.
You can move again.
Your skin crawls.
You feel strong-willed.
You die...

..#.............+
..#.............#......#
..######...##...#......#
..#...##...##...#$.....#
..#...).........#......#
..#...####'##...#......#
..#...#.....# ..+......#
#...#.....#####......#
#####.........@y.....#
...................+
...................#
....................#
...............>....#
....................
........#####.......
........# ..!.... ......
......


You could see a hornet.

Vanquished Creatures
  2 two-headed ogres
  The ghost of sirJeffrey23 the Insei, a novice DsMo (D:6)
  A troll (D:5)
  Grinder (D:3)
  A wyvern (D:7)
  2 water moccasins (D:7)
  An ice beast (D:7)
  A black bear (D:6)
  A sky beast (D:6)
  3 ogres (D:6)
  2 centaurs
  A kobold brigand (D:8)
  The ghost of Psyclone the Chiller, an amateur OpIE (D:3)
  2 phantoms
  A necrophage (D:5)
  3 scorpions
  A wight (D:7)
  A howler monkey (D:7)
  6 hounds
  Crazy Yiuf (D:5)
  3 orc priests (D:6)
  An iguana (D:5)
  8 orc wizards
  Natasha (thrice) (D:3)
  10 gnolls
  6 adders
  A white imp (D:6)
  2 ufetubi (D:5)
  An adder zombie (D:2)
  A worm (D:4)
  A dart slug (D:3)
  49 orcs
  7 ball pythons
  9 bats
  2 bat skeletons (D:2)
  A bat zombie (D:2)
  4 endoplasms
  5 giant cockroaches
  10 goblins
  2 hobgoblins (D:3)
  3 jackals (D:2)
  5 kobolds
  3 quokkas
  2 ball python skeletons (D:2)
  5 frilled lizards
  3 rats
180 creatures vanquished.

Vanquished Creatures (others)
  A gnoll (D:6)
1 creature vanquished.

Grand Total: 181 creatures vanquished

Notes
Turn   | Place    | Note
-------+----------+-------------------------------------------
     0 | D:1      | sammy202020 the Palentonga Berserker began the quest for
                  | the Orb.
     0 | D:1      | Reached XP level 1. HP: 19/19 MP: 1/1
   246 | D:1      | Reached XP level 2. HP: 25/25 MP: 2/2
   883 | D:1      | Found a faded altar of an unknown god.
  1256 | D:2      | Reached XP level 3. HP: 30/31 MP: 3/3
  1260 | D:2      | Reached ** piety under Trog
  1455 | D:2      | Found a glowing silver altar of Zin.
  1472 | D:2      | Reached XP level 4. HP: 32/39 MP: 4/4
  2196 | D:3      | Noticed Natasha
  2201 | D:3      | Killed Natasha
  2315 | D:3      | Reached XP level 5. HP: 44/44 MP: 5/5
  2335 | D:3      | Noticed Grinder
  2352 | D:3      | Killed Grinder
  2353 | D:3      | Reached XP level 6. HP: 29/52 MP: 6/6
  2383 | D:3      | Reached skill level 1 in Evocations
  2584 | D:3      | Found a runed translucent door.
  2585 | D:3      | Noticed Psyclone's ghost (amateur OpIE)
  2592 | D:3      | Killed Psyclone's ghost
  2639 | D:3      | Noticed Natasha
  2641 | D:3      | Killed Natasha
  2716 | D:3      | Found Xyibaod's Book Shoppe.
  2802 | D:3      | Noticed Natasha
  2813 | D:3      | Killed Natasha
  3057 | D:4      | Gained mutation: You curl defensively after being hit. (AC
                  | +7*) [Palentonga growth]
  3057 | D:4      | Reached XP level 7. HP: 58/58 MP: 7/7
  3057 | D:4      | Reached *** piety under Trog
  3312 | D:4      | Reached skill level 5 in Fighting
  3312 | D:4      | Reached skill level 5 in Axes
  3760 | D:5      | Entered Level 5 of the Dungeon
  4171 | D:5      | Found a staircase to the Ecumenical Temple.
  4195 | D:5      | Reached XP level 8. HP: 67/67 MP: 8/8
  4281 | D:5      | Found a shadowy altar of Dithmenos.
  4312 | D:5      | Noticed a troll
  4322 | D:5      | Killed a troll
  4570 | D:5      | Found Jelubriu's Antique Weapon Boutique.
  4579 | D:5      | Bought a runed broad axe for 175 gold pieces
  4664 | D:5      | Found a runed translucent door.
  4665 | D:5      | Noticed Crazy Yiuf
  4672 | D:5      | Killed Crazy Yiuf
  5154 | D:6      | Reached skill level 5 in Armour
  5447 | D:6      | Found a runed translucent door.
  5635 | D:6      | Found a transporter.
  5636 | D:6      | Found a transporter.
  5636 | D:6      | Noticed sirJeffrey23's ghost (novice DsMo)
  5637 | D:6      | Identified the +4 great mace "Ychalaikk" {pain, rElec rF+
                  | Str-5 Int+2}
  5637 | D:6      | Identified the +4 dire flail of the Pyrrhic Victory
                  | {vorpal, Will++ Str-2}
  5637 | D:6      | Noticed a two-headed ogre
  6062 | D:6      | Reached XP level 9. HP: 75/75 MP: 9/9
  6214 | D:6      | Killed a two-headed ogre
  6225 | D:6      | Killed sirJeffrey23's ghost
  6601 | D:7      | Noticed a two-headed ogre
  6606 | D:7      | Killed a two-headed ogre
  6611 | D:7      | Reached XP level 10. HP: 51/85 MP: 10/10
  6758 | D:7      | Found Peyfodwy's Book Shoppe.
  6890 | D:7      | Reached **** piety under Trog
  7454 | D:8      | Paralysed by a hornet for 1 turns
  7458 | D:8      | Paralysed by a hornet for 3 turns
  7461 | D:8      | Succumbed to a hornet's poison

Illustrated notes

Levels and vault maps discovered:
D:1:      psy_arrival_dodecagon, layout_loops_corners, basic_ecumenical_altar,
          nrook_loot_triangle
D:2:      layout_basic, basic_altar, serial_undead, serial_undead_a,
          serial_undead_c, serial_undead_d, serial_undead_b, serial_undead_a,
          serial_undead_e, minivault_24
D:3:      layout_rooms, serial_shops, nicolae_shop_advertising_works
          [nicolae_subvault_shop_adworks], ebering_ghost_inner_flame,
          kennysheep_nondescript, uniq_natasha, uniq_grinder
D:4:      layout_rooms
D:5:      layout_rooms, nicolae_dithmenos_shadow_blocks,
          minmay_temple_entry_water_ring, serial_shops, nicolae_diamond_shop,
          minmay_misc_feat_pillars, uniq_crazy_yiuf_cottage
D:6:      layout_cave_pods, gammafunk_ghost_smash,
          minmay_misc_feat_four_crosses, lightli_church_of_beogh
D:7:      layout_loops_ring, serial_shops, nicolae_shop_stone, minmay_holes
D:8:      layout_gridville, overflow_temple_1_default

Skill      XL: |  1  2  3  4  5  6  7  8  9 10 |
---------------+-------------------------------+-----
Armour         | 2 3 4 5 6 |  6.5
Dodging        | 2 3 4 |  4.5
Fighting       | 4 5 6 7 8 |  8.1
Axes           | 4 5 6 7 8 |  8.1
Evocations     | 1 2 3 4 |  4.2

Action                   |  1- 3 |  4- 6 |  7- 9 | 10-12 || total
-------------------------+-------+-------+-------+-------++-------
Melee: Hand axe          |    91 |    50 |       |       ||   141
       Tailslap          |     7 |    14 |    26 |     4 ||    51
       War axe           |       |    82 |    96 |       ||   178
       Broad axe         |       |       |    87 |    45 ||   132
       Punch             |       |       |     1 |     4 ||     5
Invok: Berserk           |     1 |     4 |     7 |       ||    12
       Trog's Hand       |       |     2 |     6 |     1 ||     9
 Abil: Rolling Charge    |       |     2 |     5 |       ||     7
  Use: Scroll            |       |     3 |     7 |     1 ||    11
       Potion            |       |       |     2 |       ||     2
Armor: Animal skin       |    28 |       |       |       ||    28
       Scale mail        |    19 |    77 |       |       ||    96
       Chain mail        |       |     8 |   202 |    30 ||   240
Dodge: Dodged            |    55 |    63 |    99 |    16 ||   233

Table legend: (Time is in decaauts)
 A = Elapsed time spent in this place.
 B = Non-inter-level travel time spent in this place.
 C = Inter-level travel time spent in this place.
 D = Time resting spent in this place.
 E = Time spent auto-exploring this place.
 F = Levels seen in this place.
 G = Mean time per level.
                   A        B        C        D        E       F      G
               +--------+--------+--------+--------+--------+-----+--------+
         Total |   7669 |   7204 |    465 |    878 |   4910 |   8 |  958.6 |
       Dungeon |   7669 |   7204 |    465 |    878 |   4910 |   8 |  958.6 |
               +--------+--------+--------+--------+--------+-----+--------+

Top non-repeatable levels by time:
     D:6: 1688 daAuts
     D:1: 1253 daAuts
     D:5: 1105 daAuts
     D:2: 964 daAuts
     D:7: 915 daAuts
     D:3: 912 daAuts
     D:4: 738 daAuts
     D:8: 90 daAuts
